 Dungeon Crawl Stone Soup version 0.15-a0-2198-g7f377d1 (webtiles) character file.

1031 Jazzimus the Skirmisher (level 8, -1/44 HPs)
             Began as a Vine Stalker Berserker on July 23, 2014.
             Was an Elder of Trog.
             Slain by a gnoll
             ... wielding a +0 flail
              (5 damage)
             ... on Level 5 of the Dungeon.
             The game lasted 00:20:53 (4609 turns).

Jazzimus the Skirmisher (Vine Stalker Berserker)    Turns: 4609, Time: 00:20:53

HP  -1/44        AC  6     Str 19      XL: 8   Next: 23%
MP   0/11        EV 10     Int  9      God: Trog [****..]
Gold 297         SH  0     Dex 15      Spells:  0 memorised,  7 levels left

rFire  . . .     SeeInvis .     a - +1 short sword
rCold  . . .     Clarity  .     k - +1 ring mail {MR+}
rNeg   . . .     rCorr    .     (no shield)
rPois  .         rRot     +     (no helmet)
rElec  .         Spirit   +     (no cloak)
SustAb .         Warding  .     (no gloves)
rMut   .         Stasis   .     (no boots)
Gourm  .                        (no amulet)
MR     ++++.                    (no ring)
                                (no ring)

@: lethally poisoned, exhausted, regenerating, slowed, very slow, incredibly
resistant to hostile enchantments, unstealthy
A: fangs 3, regeneration 2, magic shield, antimagic bite, no device heal 3, rot
immunity
a: Burn Spellbooks, Berserk, Trog's Hand, Brothers in Arms, Renounce Religion


You were on level 5 of the Dungeon.
You worshipped Trog.
Trog was greatly pleased with you.
You were near starving.

You visited 1 branch of the dungeon, and saw 6 of its levels.

You collected 297 gold pieces.

Inventory:

Hand weapons
 a - a +1 short sword (weapon)
Missiles
 l - 24 stones (quivered)
Armour
 j - a +0 helmet
 k - a +1 ring mail of magic resistance (worn)
Magical devices
 o - a wand of magic darts (5)
 s - a wand of magic darts (8)
Comestibles
 c - 5 bread rations
 v - a beef jerky
Scrolls
 b - a scroll of blinking {unknown}
 e - a scroll of fog
 f - 2 scrolls of noise
 g - 2 scrolls of enchant weapon
 h - 2 scrolls of remove curse
 i - 2 scrolls of fear {unknown}
 m - a scroll of immolation
 p - 6 scrolls of identify {unknown}
 q - a scroll of enchant armour {unknown}
 r - a scroll of teleportation {unknown}
 u - a scroll of magic mapping {unknown}
Jewellery
 d - a +3 ring of strength {unknown}
 n - an uncursed ring of poison resistance {unknown}
Potions
 t - a potion of haste {unknown}
 w - a potion of resistance


   Skills:
 * Level 6.2 Fighting
 * Level 6.1 Short Blades
 - Level 1.6 Armour
 - Level 1.6 Dodging
 + Level 4.4 Stealth


You had 7 spell levels left.
You didn't know any spells.

Dungeon Overview and Level Annotations

Branches:
Dungeon (6/15)
 Temple: D:4-7

Altars:
Makhleb

Shops:
D:6 }

Annotations:
D:4 exclusion: downstairs


Innate Abilities, Weirdness & Mutations

You have razor-sharp teeth.
You heal very quickly.
When hurt, damage is shared between your health and your magic reserves.
Your bite disrupts and absorbs the magic of your enemies.
Potions and wands cannot restore your health.
You are immune to rotting.


Message History

Read which item? (? for menu, Esc to quit)
Okay, then.
Things that are here:
a spear of venom; a scale mail; a fizzy cyan potion Read which item? (? for menu, Esc to quit)
Okay, then.
Drink which item? (? for menu, Esc to quit)
Okay, then.
Unknown command.
Unknown command.
Use which ability? (? or * to list)
Okay, then.
Unknown command.
Use which ability? (? or * to list)
You fail to use your ability.
You feel sick. The gnoll hits you with a flail.
* * * LOW HITPOINT WARNING * * *
The gnoll completely misses you.
Use which ability? (? or * to list)
You fail to use your ability.
You feel sick. The gnoll hits you with a flail!
You die...

##..## ##.. ##...# ##.
#########....# #.
#...........## ##
###.........# #
###.......# ##.......##
##.........##
#.......@g).### #
#...####..g...###########
#..## ##..............#.
#..#####.................
#..................#.....
##...............##......
####.>.........##.......
########....#........
##............


You could see 2 gnolls.

Vanquished Creatures
  Purgy (D:3)
  2 ogres (D:4)
  A centaur (D:5)
  Sigmund (D:3)
  A gnoll sergeant (D:5)
  2 scorpions (D:5)
  A crimson imp (D:5)
  A hound (D:3)
  An orc wizard (D:3)
  3 iguanas
  2 worker ants
  Ijyb (D:4)
  Terence (D:3)
  3 adders
  4 gnolls
  A giant mite (D:5)
  An orc skeleton (D:5)
  5 worms
  5 giant geckos
  3 oozes
  7 orcs
  6 giant cockroaches
  9 hobgoblins
  A quokka (D:5)
  A ball python (D:3)
  13 bats
  8 giant newts
  7 goblins
  A goblin skeleton (D:4)
  6 kobolds
  A kobold zombie (D:5)
  6 rats
  A rat zombie (D:5)
107 creatures vanquished.

Notes
Turn   | Place    | Note
--------------------------------------------------------------
     0 | D:1      | Jazzimus, the Vine Stalker Berserker, began the quest for the Orb.
     0 | D:1      | Reached XP level 1. HP: 11/11 MP: 1/1
   279 | D:1      | Reached skill level 3 in Fighting
   279 | D:1      | Reached XP level 2. HP: 9/16 MP: 3/3
   955 | D:1      | Reached XP level 3. HP: 17/20 MP: 4/4
  1068 | D:2      | Reached XP level 4. HP: 23/25 MP: 5/5
  1070 | D:2      | Acquired Trog's second power
  1475 | D:3      | Noticed Purgy
  1490 | D:3      | Killed Purgy
  1490 | D:3      | Reached skill level 4 in Fighting
  1490 | D:3      | Reached skill level 1 in Stealth
  1490 | D:3      | Reached XP level 5. HP: 29/29 MP: 7/7
  1542 | D:3      | Noticed Terence
  1555 | D:3      | Killed Terence
  1619 | D:3      | Noticed Sigmund
  1626 | D:3      | Killed Sigmund
  1626 | D:3      | Gained mutation: You heal very quickly. [vine stalker growth]
  1626 | D:3      | Reached XP level 6. HP: 34/34 MP: 8/8
  2683 | D:4      | Reached skill level 5 in Fighting
  2683 | D:4      | Reached skill level 5 in Short Blades
  2683 | D:4      | Reached XP level 7. HP: 20/39 MP: 7/9
  3180 | D:4      | Noticed Ijyb
  3181 | D:4      | Found a burning altar of Makhleb.
  3181 | D:4      | Noticed a blizzard demon
  3195 | D:4      | Killed Ijyb
  3195 | D:4      | Acquired Trog's third power
  3200 | D:4      | Gained mutation: You have razor-sharp teeth. [potion of beneficial mutation]
  3201 | D:4      | Noticed a hellwing
  3201 | D:4      | Noticed a neqoxec
  3306 | D:5      | Entered Level 5 of the Dungeon
  3742 | D:5      | Reached skill level 6 in Fighting
  3742 | D:5      | Mutation became permanent: You have razor-sharp teeth. [vine stalker growth]
  3742 | D:5      | Reached XP level 8. HP: 9/44 MP: 7/11
  4524 | D:6      | Found Twiurauj's Gadget Emporium.
  4609 | D:5      | Slain by a gnoll

Action                   |  1- 3 |  4- 6 |  7- 9 || total
-------------------------+-------+-------+-------++-------
Melee: Short sword       |    65 |   202 |   125 ||   392
Throw: Stone             |     7 |       |     4 ||    11
Invok: Berserk           |       |     3 |     2 ||     5
       Trog's Hand       |       |       |     1 ||     1
  Use: Scroll            |       |     4 |     1 ||     5
       Potion            |       |     2 |     2 ||     4
 Stab: Sleeping          |     1 |       |     3 ||     4
  Eat: Chunk             |       |     8 |     7 ||    15
